 Dungeon Crawl Stone Soup version 0.29.1-2-gbd0b4ee654 (webtiles) character file.

Game seed: 17225469907774598108

51 fantasyman the Ruffian (level 3, -3/42 HPs)
             Began as a Demigod Transmuter on Nov 28, 2022.
             Slain by a gnoll
             ... wielding a +0 flail
              (10 damage)
             ... on level 3 of the Dungeon.
             The game lasted 00:01:56 (2351 turns).

fantasyman the Ruffian (Demigod Transmuter)         Turns: 2351, Time: 00:01:57

Health: -3/42      AC: 21    Str: 15    XL:     3   Next: 38%
Magic:  9/9        EV:  2    Int: 15    God:
Gold:   96         SH:  0    Dex: 14    Spells: 5/6 levels left

rFire   . . .      SeeInvis .     - Unarmed
rCold   . . .      Faith    .   (no shield)
rNeg    . . .      Spirit   .   (body armour currently unavailable)
rPois   +          Reflect  .   (helmet currently unavailable)
rElec   .          Harm     .   (cloak currently unavailable)
rCorr   .          Rampage  .   (gloves currently unavailable)
Will    .....      NoTele   +   (boots currently unavailable)
Stlth   +.........              (no amulet)
HPRegen 0.14/turn               (no ring)
MPRegen 0.11/turn               (no ring)

@: tree-form
A: stationary, stasis, torment immunity, boosted hp, high MP 1, forlorn, divine
attributes
a: no special abilities


You were on level 3 of the Dungeon.
You were a tree.
You visited 1 branch of the dungeon, and saw 3 of its levels.

You collected 96 gold pieces.

Inventory:

Armour
 a - a +0 robe (melded)
Jewellery
 d - an amulet of reflection
Scrolls
 c - a scroll of identify {unknown}
 g - a scroll of acquirement {unknown}
Potions
 e - a potion of resistance {unknown}
 f - a potion of attraction {unknown}


   Skills:
 * Level 1.1 Fighting
 * Level 2.0 Dodging
 * Level 0.4 Stealth
 * Level 3.3 Unarmed Combat
 * Level 2.2 Spellcasting
 * Level 2.1 Transmutations


You had 5 spell levels left.
You knew the following spells:

 Your Spells              Type           Power      Damage    Failure   Level
a - Beastly Appendage     Tmut           16%        N/A       9%          1

Your spell library contained the following spells:

 Spells                   Type           Power      Damage    Failure   Level
 Wereblood                Tmut           8%         N/A       14%         2
 Spider Form              Tmut/Pois      4%         N/A       38%         3
 Ice Form                 Ice/Tmut       4%         N/A       80%         4


Dungeon Overview and Level Annotations

Branches:
Dungeon (3/15)


Innate Abilities, Weirdness & Mutations

You are a tree.
Your roots penetrate the ground, keeping you stationary.
You cannot be teleported.
You are immune to unholy pain and torment.
Your maximum health is greatly increased.
Your equipment is partially melded.
You have an increased reservoir of magic. (+10% MP)
You shall have no god before yourself.
Your divine heritage dramatically boosts your attributes as you level up.


Message History

The gnoll is lightly wounded.
The gnoll hits you with a +0 flail.
You hit the gnoll. You claw the gnoll. Your headbutt misses the gnoll.
Your punch misses the gnoll.
The gnoll is heavily wounded.
You hit the gnoll.
The gnoll is severely wounded.
The gnoll barely misses you.
The gnoll hits you from afar with a +0 spear.
You hit the gnoll. Your kick misses the gnoll.
The gnoll is almost dead.
The gnoll barely misses you.
The gnoll hits you from afar with a +0 spear.
You are too injured to fight recklessly!
You are too injured to fight recklessly!
The gnoll attacks as you move away! The gnoll hits you with a +0 flail.
The gnoll attacks as you move away! The gnoll hits you with a +0 flail.
* * * LOW HITPOINT WARNING * * *
Your transformation is almost over.
An adder comes into view.
The adder hisses angrily.
The adder barely misses you. x2
The adder bites you.
* * * LOW HITPOINT WARNING * * *
The adder bites you.
* * * LOW HITPOINT WARNING * * *
The adder attacks as you move away! The adder misses you.
The gnoll attacks as you move away! The gnoll closely misses you.
The adder misses you.
There is a stone staircase leading down here.
The gnoll barely misses you. x2; The adder bites you.
* * * LOW HITPOINT WARNING * * *
You climb downwards.
Your horns disappear.
Your talons disappear.
The hobgoblin shouts!
Found a puce potion and 11 gold pieces.
Found a stone staircase leading down.
There is a stone staircase leading up here.
You turn into a tree.
Your +0 robe melds into your body.
Your roots penetrate the ground.
The gnoll hits you with a +0 flail!
You die...

######
#..g..#
##....>..
#........
#...!..B.
#........
#........
#♣S......
#.g......
#........
#........
#.......$
#........
##.......
#.....#


You could see a gnoll, an adder, a giant cockroach and a hobgoblin.

Vanquished Creatures
  An adder (D:2)
  A worm (D:2)
  A dart slug (D:2)
  6 ball pythons
  3 endoplasms
  A giant cockroach (D:1)
  4 goblins
  4 hobgoblins
  4 jackals (D:2)
  2 quokkas
  2 bats (D:1)
  2 frilled lizards (D:1)
  4 kobolds (D:1)
  A rat (D:1)
36 creatures vanquished.

Notes
Turn   | Place    | Note
-------+----------+-------------------------------------------
     0 | D:1      | fantasyman the Demigod Transmuter began the quest for the
                  | Orb.
     0 | D:1      | Reached XP level 1. HP: 15/15 MP: 5/5
   186 | D:1      | Reached skill level 1 in Fighting
   438 | D:1      | Reached skill level 3 in Unarmed Combat
   438 | D:1      | Reached XP level 2. HP: 23/23 MP: 5/7
  1615 | D:2      | Reached XP level 3. HP: 9/28 MP: 8/8
  2351 | D:3      | Slain by a gnoll

Illustrated notes

Levels and vault maps discovered:
D:1:      nicolae_arrival_somewhat_less_tricky_arrival, layout_loops_cross,
          ebering_ecumenical_altar_mist
D:2:      layout_loops_ring
D:3:      layout_rooms, chequers_decorated_corner

Skill      XL: |  1  2  3 |
---------------+----------+-----
Fighting       | 1 |  1.1
Unarmed Combat | 3 |  3.3
Spellcasting   | 2 |  2.2
Transmutations | 2 |  2.1
Dodging        | 2 |  2.0
Stealth        | |  0.4

Action                   || total
-------------------------++-------
Melee: Unarmed           ||    94
       Kick              ||    21
       Headbutt          ||     6
       Punch             ||     1
 Cast: Beastly Appendage ||    30
  Use: Potion            ||     1
Armor: Robe              ||    16
Dodge: Dodged            ||    72
